 Dungeon Crawl Stone Soup version 0.22-a0-769-g178e55541d (webtiles) character file.

4 Htamos the Magician (level 1, 0/13 HPs)
             Began as a Mummy Wizard on July 17, 2018.
             Slain by an ooze (2 damage)
             ... on level 1 of the Dungeon.
             The game lasted 00:01:21 (302 turns).

Htamos the Magician (Mummy Wizard)                   Turns: 302, Time: 00:01:22

Health: 0/13       AC:  2    Str: 10    XL:     1   Next: 58%
Magic:  0/5        EV: 12    Int: 17    God:
Gold:   2          SH:  0    Dex: 10    Spells: 7/8 levels left

rFire    x . .     SeeInvis .   (no weapon)
rCold    + . .     Gourm    .   (no shield)
rNeg     + + +     Faith    .   a - +0 robe
rPois    ∞         Spirit   .   b - +0 hat
rElec    .         Reflect  .   (no cloak)
rCorr    .         Harm     .   (no gloves)
MR       .....                  (no boots)
Stlth    ++........             (no amulet)
HPRegen  0.04/turn              (no ring)
MPRegen  0.09/turn              (no ring)

@: very slightly contaminated
A: no food or potions, fire vulnerability, cold resistance 1, negative energy
resistance 3, torment resistance, unbreathing
a: no special abilities


You were on level 1 of the Dungeon.
You were not hungry.

You visited 1 branch of the dungeon, and saw 1 of its levels.

You collected 2 gold pieces.

Inventory:

Missiles
 d - 14 stones (quivered)
Armour
 a - a +0 robe (worn)
 b - a +0 hat (worn)
Scrolls
 c - a scroll of fear {unknown}
 e - 2 scrolls of magic mapping {unknown}
 f - 3 scrolls of identify {unknown}


   Skills:
 - Level 1.5 Dodging
 - Level 1.5 Stealth
 * Level 4.2 Spellcasting
 + Level 1.0 Conjurations
   Level 0.7 Summonings
   Level 0.7 Translocations


You had 7 spell levels left.
You knew the following spells:

 Your Spells              Type           Power        Failure   Level  Hunger
a - Magic Dart            Conj           #...         10%         1    N/A

Your spell library contained the following spells:

 Spells                   Type           Power        Failure   Level  Hunger
 Conjure Flame            Conj/Fire      #.......     36%         3    N/A
 Slow                     Hex            #.......     24%         2    N/A
 Mephitic Cloud           Conj/Pois/Air  #.......     38%         3    N/A
 Blink                    Tloc           N/A          17%         2    N/A
 Call Imp                 Summ           #.......     17%         2    N/A

Dungeon Overview and Level Annotations

Branches:
Dungeon (1/15)

Altars:


Innate Abilities, Weirdness & Mutations

You do not eat or drink.
Your flesh is vulnerable to fire.
You are immune to poison.
Your flesh is cold resistant. (rC+)
You are immune to negative energy. (rN+++)
You are immune to unholy pain and torment.
You can survive without breathing.


Message History

* * * LOW MAGIC WARNING * * *
The ooze closely misses you.
Casting: Magic Dart (safe; 10% risk of failure)
Confirm with . or Enter, or press ? or * to list all spells.
You don't have enough magic to cast that spell.
Casting: Magic Dart (safe; 10% risk of failure)
Confirm with . or Enter, or press ? or * to list all spells.
You don't have enough magic to cast that spell.
Unknown command.
You barely miss the ooze.
The ooze is almost dead.
The ooze closely misses you.
You hit the ooze but do no damage.
The ooze is almost dead.
The ooze hits you.
* * * LOW HITPOINT WARNING * * *
You hit the ooze.
The ooze is almost dead.
The ooze hits you.
You die...

# #...#..#####..#...# #..##.#
####..##.......##..####..##.#####
.# #...####.####...# #...........
.# #....##'##..(.## #...########
.## ##...........## ##...# ..##
###.......### ##....#
.!.#################.....#
......###########........#
...............J@........#
.........................#
##########################


You could see an ooze.

Vanquished Creatures
  A bat (D:1)
  2 goblins (D:1)
  A rat (D:1)
4 creatures vanquished.

Notes
Turn   | Place    | Note
-------+----------+-------------------------------------------
     0 | D:1      | Htamos the Mummy Wizard began the quest for the Orb.
     0 | D:1      | Reached XP level 1. HP: 13/13 MP: 5/5
   213 | D:1      | Reached skill level 1 in Conjurations
   302 | D:1      | Slain by an ooze

Vault maps used:
D:1:      dpeg_arrival_concentric_ovals, minmay_hexomino_u4

Skill      XL: |  1 |
---------------+----+-----
Conjurations   | 1 |  1.0
Dodging        | |  1.5
Stealth        | |  1.5
Spellcasting   | |  4.2
Summonings     | |  0.7
Translocations | |  0.7

Action                   || total
-------------------------++-------
Melee: Unarmed           ||     3
 Cast: Magic Dart        ||    14
Dodge: Dodged            ||     5

Table legend:
 A = Spawn XP
 B = Non-spawn XP
 C = Spawn XP percentage of total XP
 D = Spawn monster count
 E = Non-spawn monster count
 F = Spawn count percentage of total count
 G = Total turns spent on level
                    A         B        C        D         E        F      G
               +---------+---------+-------+---------+---------+-------+---------
         Total |       0 |       7 |   0.0 |       0 |       4 |   0.0 |   302
               +---------+---------+-------+---------+---------+-------+---------
           D:1 |       0 |       7 |   0.0 |       0 |       4 |   0.0 |   302
               +---------+---------+-------+---------+---------+-------+---------
